 Dungeon Crawl Stone Soup version 0.31.0-32-g396128a36d (webtiles) character file.

Game seed: 6255774102461786691

492 Dvallin the Ruffian (level 7, 0/57 HPs)
             Began as a Naga Shapeshifter on Mar 31, 2024.
             Was an Initiate of Ru.
             Slain by a hound (5 damage)
             ... on level 4 of the Dungeon.
             The game lasted 00:06:54 (3193 turns).

Dvallin the Ruffian (Naga Shapeshifter)             Turns: 3193, Time: 00:06:55

Health: 0/57       AC: -12   Str: 16    XL:     7   Next: 14%
Magic:  7/7        EV: 10    Int: 11    God:    Ru [......]
Gold:   214        SH:  0    Dex: 12    Spells: 3/6 levels left

rFire   . .          .
                       - Unarmed
rCold   . . .        (no shield)
rNeg    . . .        a - +0 animal skin
rPois   +            (helmet currently unavailable)
rElec   .            (cloak currently unavailable)
rCorr   .            (gloves currently unavailable)
SInv    +            (no barding)
Will    .....        p - amulet of the acrobat
Stlth   +            (no ring)
HPRegen 0.29/turn    (no ring)
MPRegen 0.10/turn

%: acrobat
@: beast-form, corroded, very slow
A: beast (slay +3), AC +2, large, see invisible, deformed body, poison
resistance, slowness 2, spit poison 1, naga tail 1
a: Spit Poison, Begin Untransformation, Renounce Religion


You were on level 4 of the Dungeon.
You worshipped Ru.
Ru was noncommittal.
You were a hulking beast.
You visited 2 branches of the dungeon, and saw 6 of its levels.

You collected 214 gold pieces.

Inventory:

Armour
 a - a +0 animal skin (worn)
 b - a +0 helmet
 l - a +0 cloak
 o - a +0 pair of gloves
 y - a scarf of harm
Jewellery
 p - an amulet of the acrobat (around neck)
 w - a ring of willpower
 x - a +6 ring of strength
Talismans
 c - a beast talisman
 d - a flux talisman
 r - a dragon-blood talisman
Scrolls
 e - 2 scrolls of blinking {unknown}
 f - a scroll of identify {unknown}
 g - a scroll of enchant weapon {unknown}
 h - 3 scrolls of teleportation {unknown}
 i - 2 scrolls of revelation {unknown}
 j - a scroll of enchant armour {unknown}
 m - a scroll of amnesia {unknown}
 t - a scroll of fog {unknown}
 u - a scroll of silence {unknown}
Potions
 n - 3 potions of mutation {unknown}
 q - a potion of haste {unknown}
 s - a potion of brilliance {unknown}
 v - a potion of curing {unknown}


   Skills:
 - Level 1.0 Fighting
 - Level 1.5 Dodging
 - Level 6.0 Unarmed Combat
 + Level 5.5 Shapeshifting


You had 3 spell levels left.
You knew the following spells:

 Your Spells              Type           Power      Damage    Failure   Level
a - Passwall              Erth           0%         N/A       71%         3

Your spell library contained the following spells:

 Spells                   Type           Power      Damage    Failure   Level
 Necrotise                Necr           0%         1d4       34%         1
 Sandblast                Erth           0%         2d4       34%         1
 Stone Arrow              Conj/Erth      0%         3d7       71%         3
 Vampiric Draining        Necr           0%         2d6       71%         3
 Brom's Barrelling Bould  Conj/Erth      0%         2d3       98%         4
 Martyr's Knell           Necr/Summ      0%         N/A       98%         4
 Curse of Agony           Necr           0%         N/A       100%        5


Dungeon Overview and Level Annotations

Branches:
Dungeon (5/15)             Temple (1/1) D:4

Altars:
Ashenzari
Gozag
Kikubaaqudgha
Nemelex Xobeh
Ru
Trog
Uskayaw
Vehumet
Xom
Yredelemnul
Zin
The Shining One


Innate Abilities, Weirdness & Mutations

You are a hulking beast.
Your limbs bulge with bestial killing power. (Slay +3)
Your serpentine skin is tough. (AC +2)
You have supernaturally acute eyesight. (SInv)
Armour fits poorly on your strangely shaped body.
Your system is resistant to poisons. (rPois)
You cover ground very slowly.
You can spit poison.
You have a snake-like lower body.


Message History

You hit the hound but do no damage. The hound barely misses you.
The hound closely misses you.
You hit the hound but do no damage. The hound barely misses you.
You hit the hound but do no damage. The hound barely misses you.
The hound closely misses you.
You barely miss the hound. The hound misses you.
You hit the hound but do no damage. Your punch misses the hound.
The hound closely misses you.
You hit the hound but do no damage. The hound bites you. x2
You hit the hound.
The hound is lightly wounded.
The hound completely misses you.
You hit the hound but do no damage.
The hound is lightly wounded.
The hound closely misses you.
You hit the hound but do no damage.
The hound is lightly wounded.
The hound bites you.
* * * LOW HITPOINT WARNING * * *
The hound barely misses you.
You miss the hound. Your punch misses the hound.
The hound is lightly wounded.
The hound bites you.
* * * LOW HITPOINT WARNING * * *
You hit the hound but do no damage.
The hound is lightly wounded.
The hound closely misses you.
You hit the hound but do no damage.
The hound is lightly wounded.
The hound bites you.
* * * LOW HITPOINT WARNING * * *
The hound bites you.
* * * LOW HITPOINT WARNING * * *
You hit the hound but do no damage.
The hound is lightly wounded.
The hound closely misses you.
You miss the hound.
The hound is lightly wounded.
The hound bites you.
You die...

#)............# #......#.# ###
##.............# #......#.#####
..####.........# #......#.#...#
..# #.........#
#......#.#.#.### <.#
#.........# #........#.#....
### #.........#
#....8..##.#####
######....>....# #....>..##.#
...............###....8..##.#
......####....)hh.........#.#
......####.##############.#.#
####.........##...#...#.....#
#.......#.##.#.#.#.#.#.###
#........###.#...#.###.#
####.####.......#####.....#
........#.......#####.....#
###.###.....###.#.#.#.###.#
......###.....#.#.#.#.##..#####


You could see a hound.

Vanquished Creatures
  4 scorpions (D:4)
  A hound (D:4)
  A jelly (D:4)
  An iguana (D:4)
  An orc wizard (D:4)
  Robin (D:2)
  3 adders
  2 ufetubi (D:4)
  2 dart slugs
  5 orcs
  7 ball pythons
  6 bats
  3 endoplasms
  A giant cockroach (D:3)
  13 goblins
  6 hobgoblins
  4 jackals (D:1)
  10 kobolds
  2 quokkas
  8 frilled lizards
  4 rats
85 creatures vanquished.

Notes
Turn   | Place    | Note
-------+----------+-------------------------------------------
     0 | D:1      | Dvallin the Naga Shapeshifter began the quest for the Orb.
     0 | D:1      | Reached XP level 1. HP: 18/18 MP: 1/1
   116 | D:1      | Reached XP level 2. HP: 24/25 MP: 2/2
   252 | D:1      | Reached skill level 4 in Unarmed Combat
   538 | D:1      | Reached XP level 3. HP: 31/31 MP: 3/3
  1004 | D:2      | Noticed Robin
  1024 | D:2      | Killed Robin
  1025 | D:2      | Reached XP level 4. HP: 14/38 MP: 4/4
  1370 | D:3      | Reached skill level 5 in Unarmed Combat
  1378 | D:3      | Found an ancient bone altar of Kikubaaqudgha.
  1579 | D:3      | Learned a level 3 spell: Passwall
  1966 | D:4      | Reached XP level 5. HP: 20/44 MP: 5/5
  2074 | D:4      | Reached skill level 6 in Unarmed Combat
  2249 | D:4      | Reached XP level 6. HP: 40/51 MP: 6/6
  2640 | D:4      | Reached skill level 5 in Shapeshifting
  2683 | D:4      | Found a staircase to the Ecumenical Temple.
  2800 | Temple   | Entered the Ecumenical Temple
  2811 | Temple   | Became a worshipper of Ru the Awakened
  2877 | D:4      | Reached XP level 7. HP: 45/57 MP: 7/7
  3163 | D:5      | Entered Level 5 of the Dungeon
  3193 | D:4      | Slain by a hound

Illustrated notes

Levels and vault maps discovered:
D:1:      lightli_arrival_boilingwater, layout_loops_ring
D:2:      layout_rooms, uniq_robin
D:3:      layout_loops_ring, mainiacjoe_overflow_catwalk
D:4:      layout_basic, temple_statues, bh_walls_and_bars
D:5:      layout_rooms, elyvilon_altar_5, mainiacjoe_overflow_surrounded_room,
          nicolae_houndstooth_variations, uniq_eustachio
Temple:   hellmonk_temple_of_storms

Skill      XL: |  1  2  3  4  5  6 |
---------------+-------------------+-----
Unarmed Combat | 4 5 6 |  6.0
Shapeshifting  | 5 |  5.5
Fighting       | |  1.0
Dodging        | |  1.5

Action                     |  1- 3 |  4- 6 |  7- 9 || total
---------------------------+-------+-------+-------++-------
  Melee: Unarmed           |    82 |    99 |    21 ||   202
         Punch             |       |     2 |     1 ||     3
Ability: Spit Poison       |    19 |    23 |     1 ||    43
    Use: Potion            |     1 |     1 |     2 ||     4
   Stab: Sleeping          |       |     1 |       ||     1
 Armour: Animal skin       |    47 |    61 |    18 ||   126
         Skin              |     8 |       |       ||     8
  Dodge: Dodged            |    38 |    54 |    23 ||   115
